 Dungeon Crawl Stone Soup version 0.29.0-4-gdea44cf6ec (webtiles) character file.

Game seed: 18355155925590153581

60 qw the Ruffian (level 4, -2/35 HPs)
             Began as a Ghoul Fire Elementalist on Aug 29, 2022.
             Slain by Terence
             ... wielding a +0 trident
              (5 damage)
             ... on level 2 of the Dungeon.
             The game lasted 00:01:19 (1757 turns).

qw the Ruffian (Ghoul Fire Elementalist)            Turns: 1757, Time: 00:01:19

Health: -2/35      AC:  7    Str: 10 (13) XL:     4   Next: 4%
Magic:  5/5        EV:  8    Int:  8 (10) God:
Gold:   150        SH:  0    Dex:  9      Spells: 5/6 levels left

rFire   . . .      SeeInvis .     - Unarmed
rCold   + . .      Faith    .   (no shield)
rNeg    + + +      Spirit   .   g - +1 scale mail {rPois}
rPois   inf        Reflect  .   (no helmet)
rElec   .          Harm     .   (no cloak)
rCorr   .          Rampage  .   (no gloves)
Will    .....                   (no boots)
Stlth   ..........              (no amulet)
HPRegen 0.00/turn               (no ring)
MPRegen 0.09/turn               (no ring)

@: inhibited regen, slowed, very slow
A: claws 1, cold resistance 1, negative energy resistance 3, inhibited
regeneration, torment resistance 2, devour on kill
a: no special abilities


You were on level 2 of the Dungeon.
You visited 1 branch of the dungeon, and saw 2 of its levels.

You collected 150 gold pieces.


Innate Abilities, Weirdness & Mutations

You are immune to poison.
You have sharp fingernails.
Your flesh is cold resistant. (rC+)
You are immune to negative energy. (rN+++)
You do not regenerate when monsters are visible.
You are immune to unholy pain and torment.
You thrive by killing the living.


   Skills:
 - Level 1.0 Fighting
 - Level 1.7 Dodging
 - Level 2.1 Stealth
 + Level 3.6 Unarmed Combat
 - Level 1.7 Spellcasting
 - Level 0.7 Conjurations
 - Level 2.4 Fire Magic


You had 5 spell levels left.
You knew the following spells:

 Your Spells              Type           Power      Damage    Failure   Level
a - Foxfire               Conj/Fire      12%        2x1d4     80%         1

Your spell library contained the following spells:

 Spells                   Type           Power      Damage    Failure   Level
 Scorch                   Fire           8%         2d5       83%         2
 Conjure Flame            Conj/Fire      3%         6-21      99%         3
 Inner Flame              Hex/Fire       2%         N/A       99%         3
 Flame Wave               Conj/Fire      3%         2d5       100%        4

Inventory:

Missiles
 i - 2 boomerangs (quivered)
Armour
 g - a +1 scale mail of poison resistance (worn)
Jewellery
 a - a +4 ring of protection
 b - an amulet of the acrobat
Potions
 d - a potion of ambrosia {unknown}
 e - 3 potions of heal wounds {unknown}
 f - a potion of lignification {unknown}

Dungeon Overview and Level Annotations

Branches:
Dungeon (2/15)

Altars:

Annotations:
D:2 Natasha, Terence


Message History

The puff of frost hits you. You resist.
You scratch Natasha.
Natasha is heavily wounded.
Natasha stares at you and mumbles some strange words.
You feel as though you will be slow longer.
The white imp hits you. The white imp freezes you. You resist.
You closely miss Natasha.
Natasha is heavily wounded.
Natasha claws you! The white imp gestures at you. The puff of frost misses you.
Natasha claws you but does no damage.
You barely miss Natasha.
Natasha is heavily wounded.
The white imp hits you. The white imp freezes you. You resist.
Natasha claws you.
The white imp disappears for a moment.
The white imp barely misses you.
1752 ||| READING scroll of teleportation.
As you read the scroll of teleportation, it crumbles to dust.
You feel strangely unstable.
Natasha mumbles some strange words.
The white imp barely misses you. Natasha barely misses you.
You claw Natasha! Your claw misses Natasha.
Natasha is almost dead.
The white imp closely misses you.
Natasha extends her claws.
Natasha misses you. The white imp closely misses you.
You completely miss Natasha.
Natasha is almost dead.
Natasha claws you but does no damage. The white imp gestures at you.
The puff of frost hits you. You resist.
You scratch Natasha.
Natasha is almost dead.
Your surroundings suddenly seem different.
Terence the Incautious comes into view.
He is wielding a +0 trident.
Terence hits you from afar with a +0 trident.
Terence says, "Did you write a will?
You should..."
Terence hits you with a +0 trident.
You die...

.......)h..# #.#
########...##
#.# ..?#.. ...
...#.. #.####
.......#....
...##
...#.#.#..#####.
#....
...#.#..........
#..##
......##..####..
#. # ...#...@.#
###..##
.....###@#
....... ...# .#
###.### .. .. #
.## .# .# ##


You could see Terence.

Vanquished Creatures
  Natasha (D:2)
  2 dart slugs
  4 bats (D:1)
  4 endoplasms (D:1)
  2 giant cockroaches
  A hobgoblin (D:1)
  A quokka (D:1)
  6 ball pythons
  3 goblins
  5 kobolds
  A rat (D:1)
30 creatures vanquished.

Notes
Turn   | Place    | Note
-------+----------+-------------------------------------------
     0 | D:1      | qw the Ghoul Fire Elementalist began the quest for the Orb.
     0 | D:1      | Reached XP level 1. HP: 14/14 MP: 2/2
     0 | D:1      | 0 ||| qw: Version: 0.1-a-90-g952f4b7
     0 | D:1      | 0 ||| qw: Game counter: 4163
     0 | D:1      | 0 ||| qw: Always use a shield: true
     0 | D:1      | 0 ||| qw: God list: Okawaru
     0 | D:1      | 0 ||| qw: Allow faded altars: false
     0 | D:1      | 0 ||| qw: Do Orc after D:15 true
     0 | D:1      | 0 ||| qw: Do second Lair branch before Depths: true
     0 | D:1      | 0 ||| qw: Lair rune preference: random
     0 | D:1      | 0 ||| qw: Plans: Normal
     0 | D:1      | 0 ||| PLANNING D:1-11
    33 | D:1      | 33 ||| Stepping ~*~*~tactically~*~*~ (stealth).
    35 | D:1      | 35 ||| Stepping ~*~*~tactically~*~*~ (stealth).
    82 | D:1      | Reached skill level 1 in Unarmed Combat
   146 | D:1      | Reached skill level 1 in Fighting
   146 | D:1      | Reached XP level 2. HP: 20/23 MP: 3/3
   774 | D:1      | 774 ||| Stepping ~*~*~tactically~*~*~ (hiding).
   781 | D:1      | Reached skill level 2 in Unarmed Combat
  1071 | D:1      | 1071 ||| UPGRADING to +1 scale mail of poison resistance.
  1081 | D:1      | 1081 ||| DROPPING +0 robe.
  1082 | D:1      | 1082 ||| READING scroll labelled DYPEZI GUAS.
  1083 | D:1      | 1083 ||| READING scroll labelled GUTREQEM ROMUYBIM.
  1084 | D:1      | 1084 ||| READING scroll labelled QENUXITZ EDIHAU.
  1087 | D:1      | 1087 ||| DRINKING 3 lumpy clear potions.
  1088 | D:1      | 1088 ||| DROPPING potion of magic.
  1089 | D:1      | 1089 ||| DROPPING 2 potions of degeneration.
  1176 | D:2      | Reached XP level 3. HP: 28/28 MP: 4/4
  1186 | D:2      | 1186 ||| Stepping ~*~*~tactically~*~*~ (hiding).
  1327 | D:2      | Found a faded altar of an unknown god.
  1523 | D:2      | Noticed Natasha
  1538 | D:2      | Killed Natasha
  1539 | D:2      | Reached skill level 3 in Unarmed Combat
  1539 | D:2      | Reached XP level 4. HP: 20/35 MP: 5/5
  1735 | D:2      | Noticed Natasha
  1737 | D:2      | 1737 ||| Stepping ~*~*~tactically~*~*~ (hiding).
  1751 | D:2      | HP: 7/35 [Natasha (4)]
  1752 | D:2      | 1752 ||| READING scroll of teleportation.
  1755 | D:2      | Noticed Terence
  1756 | D:2      | HP: 3/35 [Terence/+0 trident (3)]
  1757 | D:2      | Slain by Terence

Levels and vault maps discovered:
D:1:      minmay_arrival_wavy_path, layout_loops_cross
D:2:      layout_loops_ring, ebering_ecumenical_altar_abandoned, uniq_terence,
          uniq_natasha, uniq_crazy_yiuf_cottage

Skill      XL: |  1  2  3 |
---------------+----------+-----
Unarmed Combat | 1 2 3 |  3.6
Fighting       | 1 |  1.0
Dodging        | |  1.7
Stealth        | |  2.1
Spellcasting   | |  1.7
Conjurations   | |  0.7
Fire Magic     | |  2.4

Action                   |  1- 3 |  4- 6 || total
-------------------------+-------+-------++-------
Melee: Unarmed           |   108 |    14 ||   122
       Punch             |     3 |       ||     3
Throw: Boomerang         |    27 |     2 ||    29
  Use: Scroll            |     3 |     1 ||     4
       Potion            |     1 |       ||     1
Armor: Robe              |    11 |       ||    11
       Scale mail        |    30 |     9 ||    39
Dodge: Dodged            |    41 |    11 ||    52

Table legend:
 A = Non-vault XP
 B = Vault XP
 C = Vault XP percentage of total XP
 D = Non-vault monster count
 E = Vault monster count
 F = Vault count percentage of total count
                 A         B        C        D         E       F
            +---------+---------+-------+---------+---------+-------
      Total |      51 |      35 |  40.7 |      29 |       1 |   3.3
            +---------+---------+-------+---------+---------+-------
        D:1 |      29 |       0 |   0.0 |      17 |       0 |   0.0
        D:2 |      22 |      35 |  61.4 |      12 |       1 |   7.7
            +---------+---------+-------+---------+---------+-------
